 Dungeon Crawl Stone Soup version 0.31.0-12-g77e489cdc1 (webtiles) character file.

Game seed: 16500638177829012443

647 monsoonserge the Magician (level 7, -18/52 HPs)
             Began as a Pale Draconian Hedge Wizard on Feb 18, 2024.
             Killed from afar by Dowan (22 damage)
             ... with a shard of ice
             ... on level 5 of the Dungeon.
             The game lasted 00:16:12 (3941 turns).

monsoonserge the Magician (DrHW)                    Turns: 3941, Time: 00:16:13

Health: -18/52     AC:  6    Str: 18    XL:     7   Next: 27%
Magic:  0/13       EV: 12    Int: 16    God:
Gold:   179        SH:  0    Dex: 11    Spells: 6/14 levels left

rFire   . . .        q - +0 hand axe
rCold   . . .        (no shield)
rNeg    . . .        (body armour unavailable)
rPois   .            b - +0 hat
rElec   .            (no cloak)
rCorr   .            (no gloves)
SInv    .            (no boots)
Will    .....        (no amulet)
Stlth   ++           t - +4 ring of slaying
HPRegen 0.28/turn    y - +6 ring of strength
MPRegen 0.13/turn

%: no passive effects
@: on blink cooldown
A: breathe steam, AC +6, unfitting armour, cold-blooded, steam resistance
a: Breathe Steam


You were on level 5 of the Dungeon.
You visited 1 branch of the dungeon, and saw 5 of its levels.

You collected 179 gold pieces.

Inventory:

Hand Weapons
 q - a +0 hand axe (weapon)
 u - a +0 rapier
 z - a +0 dagger of freezing
Missiles
 k - 20 poisoned darts
Armour
 b - a +0 hat (worn)
Jewellery
 t - a +4 ring of slaying (left hand)
 y - a +6 ring of strength (right hand)
Wands
 s - a wand of charming (4)
Scrolls
 a - a scroll of teleportation {unknown}
 d - a scroll of enchant armour {unknown}
 f - 3 scrolls of immolation {unknown}
 g - 2 scrolls of enchant weapon {unknown}
 h - a scroll of fear {unknown}
 n - 2 scrolls of fog {unknown}
 o - a scroll of revelation {unknown}
 p - 2 scrolls of amnesia {unknown}
 r - a scroll of summoning {unknown}
 v - a scroll of blinking {unknown}
 x - 2 scrolls of identify {unknown}
Potions
 c - a potion of magic
 e - a potion of lignification {unknown}
 i - 2 potions of degeneration {unknown}
 j - 2 potions of curing {unknown}
 l - a potion of might {unknown}
 m - a potion of cancellation {unknown}
 w - 2 potions of haste {unknown}


   Skills:
 + Level 1.2 Fighting
 + Level 1.1 Short Blades
 + Level 2.1 Axes
 + Level 2.6 Dodging
 - Level 2.0 Stealth
 - Level 4.0 Spellcasting
 + Level 3.0 Conjurations
 * Level 2.5 Summonings
 * Level 2.6 Translocations
 * Level 2.0 Air Magic
 * Level 2.0 Alchemy
 + Level 2.0 Evocations


You had 6 spell levels left.
You knew the following spells:

 Your Spells              Type           Power      Damage    Failure   Level
a - Magic Dart            Conj           52%        1d5       4%          1
b - Blink                 Tloc           22%        N/A       9%          2
c - Call Imp              Summ           22%        N/A       9%          2
d - Mephitic Cloud        Conj/Alch/Air  10%        N/A       19%         3

Your spell library contained the following spells:

 Spells                   Type           Power      Damage    Failure   Level
 Cigotuvi's Dreadful Rot  Necr/Alch/Air  14%        N/A       14%         2
 Slow                     Hex            12%        N/A       17%         1
 Gell's Gravitas          Tloc           11%        N/A       17%         3
 Teleport Other           Tloc           11%        N/A       17%         3
 Swiftness                Air            9%         N/A       22%         3
 Ensorcelled Hibernation  Hex/Ice        6%         N/A       26%         2
 Passwall                 Erth           3%         N/A       45%         3
 Dispersal                Tloc           5%         N/A       100%        6


Dungeon Overview and Level Annotations

Branches:
Dungeon (5/15)
 Temple: D:4-7

Altars:
Dithmenos
Elyvilon
Gozag
Sif Muna
Uskayaw
Vehumet
Yredelemnul

Annotations:
D:4 Sigmund
D:5 Dowan


Innate Abilities, Weirdness & Mutations

You can breathe blasts of scalding, opaque steam.
Your pale cyan-grey scales are hard. (AC +6)
You cannot fit into any form of body armour.
You are cold-blooded and may be slowed by cold attacks.
You are immune to the effects of steam.


Message History

Dowan misses your cerulean imp.
The bombardier beetle sprays incendiary fluid at you.
The burning spray hits you.
You are even more covered in liquid fire!
You shake off some of the fire as you move.
The liquid fire burns you!
Dowan hits your cerulean imp with a +0 dagger.
Your cerulean imp dies!
Your cerulean imp disappears in a puff of smoke!
The gnoll is engulfed in noxious fumes.
The gnoll appears confused.
The gnoll shouts!
Dowan shouts!
You shake off some of the fire as you move.
The liquid fire burns you!
The gnoll is engulfed in noxious fumes.
The gnoll appears confused.
Unknown command.
You shake off the liquid fire.
Casting: Magic Dart (safe; 4% risk of failure)
Confirm with . or Enter, or press ? or * to list all spells.
Aiming: Mephitic Cloud (dangerous; 19% risk of failure)
Press: ? - help, Shift-Dir - straight line The ball explodes into a vile cloud!
The stinking cloud engulfs Dowan.
Dowan is severely wounded.
Unknown command.
You completely miss Dowan.
Dowan is severely wounded.
You have got your breath back.
Dowan hits you with a +0 dagger. Dowan gestures at you while chanting.
The shard of ice hits you!!
* * * LOW HITPOINT WARNING * * *
Casting: Mephitic Cloud (dangerous; 19% risk of failure)
Confirm with . or Enter, or press ? or * to list all spells.
You blink.
Dowan casts a spell at you. The stone arrow hits you.
* * * LOW HITPOINT WARNING * * *
The gnoll is engulfed in noxious fumes.
The gnoll appears confused.
Dowan points at you and mumbles some strange words.
The shard of ice hits you!!
You die...

.# ##.##.###.<.........
.## #.....###...####...
..#####...........#####.
#.....#.................
###.#(..........#.....#..
###......................
..÷...............##.....
.<..##...................
###.##.#........@########
#.##..................
#.#..†....#...........
#.#.......e...........
#.........#...........
##.............^......
#....☼...##..........
##...°....#..........
###B)g...............


You could see Dowan (fast).

Vanquished Creatures
  Duvessa (D:5)
  A kobold brigand (D:4)
  2 scorpions (D:4)
  A bombardier beetle (D:4)
  3 hounds
  2 iguanas (D:4)
  6 adders
  2 dart slugs
  A ribbon worm (D:3)
  5 endoplasms
  4 giant cockroaches
  3 hobgoblins
  5 jackals
  6 quokkas
  4 ball pythons
  6 bats
  5 frilled lizards
  6 goblins
  13 kobolds
  3 rats
79 creatures vanquished.

Vanquished Creatures (collateral kills)
  A scorpion (D:5)
  A dart slug (D:4)
  An endoplasm (D:4)
3 creatures vanquished.

Grand Total: 82 creatures vanquished

Notes
Turn   | Place    | Note
-------+----------+-------------------------------------------
     0 | D:1      | monsoonserge the Draconian Hedge Wizard began the quest for
                  | the Orb.
     0 | D:1      | Reached XP level 1. HP: 14/14 MP: 4/4
   381 | D:1      | Reached XP level 2. HP: 19/20 MP: 3/6
  1011 | D:1      | Learned a level 2 spell: Blink
  1014 | D:1      | Learned a level 2 spell: Call Imp
  1229 | D:2      | Reached XP level 3. HP: 26/26 MP: 6/8
  1906 | D:3      | You fall into a shaft and drop 2 floors!
  1906 | D:5      | Entered Level 5 of the Dungeon
  1936 | D:5      | Reached XP level 4. HP: 28/34 MP: 0/9
  2016 | D:5      | Learned a level 3 spell: Mephitic Cloud
  2047 | D:4      | Reached skill level 1 in Short Blades
  2055 | D:4      | Found a shimmering blue altar of Sif Muna.
  2071 | D:4      | Reached XP level 5. HP: 34/39 MP: 3/10
  2186 | D:4      | Found a shadowy altar of Dithmenos.
  2216 | D:4      | Reached skill level 4 in Spellcasting
  2216 | D:4      | Reached skill level 1 in Alchemy
  2216 | D:4      | Reached skill level 1 in Evocations
  2464 | D:4      | Reached skill level 1 in Fighting
  2464 | D:4      | Reached skill level 1 in Air Magic
  2464 | D:4      | Reached XP level 6. HP: 19/47 MP: 0/12
  2591 | D:4      | Reached skill level 1 in Axes
  3300 | D:3      | Found a white marble altar of Elyvilon.
  3300 | D:3      | Found a hide-covered altar of Uskayaw.
  3300 | D:3      | Found a basalt altar of Yredelemnul.
  3312 | D:3      | Found an opulent altar of Gozag.
  3315 | D:3      | Found a radiant altar of Vehumet.
  3678 | D:4      | Noticed Sigmund
  3814 | D:5      | Your scales start taking on a pale cyan-grey colour.
  3814 | D:5      | Reached XP level 7. HP: 31/52 MP: 1/13
  3814 | D:5      | Gained mutation: You are immune to the effects of steam.
                  | [Pale Draconian growth]
  3912 | D:5      | Noticed Duvessa
  3912 | D:5      | Noticed Dowan
  3926 | D:5      | Killed Duvessa
  3941 | D:5      | Killed from afar by Dowan

Illustrated notes

Levels and vault maps discovered:
D:1:      dpeg_arrival_stonehenge_8_columns, layout_basic, minmay_domino_4
D:2:      layout_rooms
D:3:      layout_loops_ring, minmay_overflow_temple_star_hex, nrook_uturn,
          minmay_misc_feat_hallway, corexii_leaking_fountain,
          kennysheep_generic_room_5
D:4:      layout_loops_ring, nicolae_sif_muna_condensation,
          mainiacjoe_overflow_tiny_flanked, minmay_temple_entry_poolview,
          st_stairs_6, minmay_unequal, uniq_crazy_yiuf_cottage,
          uniq_blork_the_orc, uniq_sigmund
D:5:      layout_rooms, mainiacjoe_overflow_concentric_impassable,
          nicolae_overflow_crystal_walls, uniq_duvessa

Skill      XL: |  1  2  3  4  5  6  7 |
---------------+----------------------+-----
Stealth        | 2 |  2.0
Dodging        | 2 |  2.6
Short Blades   | 1 |  1.1
Conjurations   | 2 3 |  3.0
Spellcasting   | 4 |  4.0
Alchemy        | 1 2 |  2.0
Evocations     | 1 2 |  2.0
Summonings     | 2 |  2.5
Translocations | 2 |  2.6
Fighting       | 1 |  1.2
Air Magic      | 1 2 |  2.0
Axes           | 1 2 |  2.1

Action                     |  1- 3 |  4- 6 |  7- 9 || total
---------------------------+-------+-------+-------++-------
  Melee: Dagger            |    10 |       |       ||    10
         Tailslap          |     8 |     2 |     1 ||    11
         Short sword       |    42 |       |       ||    42
         Hand axe          |     1 |    69 |     7 ||    77
         Punch             |       |     1 |       ||     1
   Cast: Magic Dart        |    86 |    59 |     6 ||   151
         Call Imp          |     1 |     4 |     1 ||     6
         Mephitic Cloud    |       |       |     2 ||     2
         Blink             |       |       |     1 ||     1
Ability: Breathe Steam     |       |       |     1 ||     1
   Stab: Sleeping          |     5 |     3 |       ||     8
 Armour: Skin              |    55 |    61 |     7 ||   123
  Dodge: Dodged            |    60 |    49 |     1 ||   110
